 Dungeon Crawl Stone Soup version 0.31-a0-865-g3d5d91748a (webtiles) character file.

Game seed: 7915182530452998574

26475 MachoJfn the Frost Mage (level 12, -26/80 HPs)
             Began as a Demonspawn Ice Elementalist on Oct 10, 2023.
             Was an Elder of Qazlal.
             Killed from afar by an ironbound thunderhulk (65 damage)
             ... with a bolt of lightning
             ... on level 13 of the Dungeon.
             The game lasted 01:02:07 (15884 turns).

MachoJfn the Frost Mage (DsIE)                     Turns: 15884, Time: 01:02:07

Health: -26/80     AC: 26    Str:  9    XL:     12   Next: 98%
Magic:  20/39      EV: 12    Int: 20    God:    Qazlal [****..]
Gold:   683        SH:  5    Dex: 15    Spells: 28/39 levels left

rFire   x . .        e - staff of cold
rCold   + + .        (no shield)
rNeg    . . .        A - +2 robe {Will+}
rPois   .            J - +0 helmet
rElec   .            M - +2 cloak
rCorr   .            (gloves unavailable)
SInv    .            y - +2 pair of boots
Will    +....        p - amulet of the acrobat
Stlth   +            r - ring of ice
HPRegen 0.33/turn    c - ring of magical power
MPRegen 0.26/turn

%: repel missiles, acrobat
@: ice-armoured, freezing walls
A: claws 3, thin metallic scales 1, ignite blood 1, spiny 2
a: Renounce Religion, Upheaval, Elemental Force


You were on level 13 of the Dungeon.
You worshipped Qazlal.
Qazlal was greatly pleased with you.
You visited 2 branches of the dungeon, and saw 14 of its levels.
You also visited: Sewer.

You collected 683 gold pieces.

Inventory:

Hand Weapons
 i - a +3 spear of venom
 C - the +5 Force Lance {heavy, knockback}
   (You found it on level 6 of the Dungeon)
 E - a +3 trident
 N - the +8 pair of quick blades "Gyre" and "Gimble" {protect}
   (You found it on level 7 of the Dungeon)
 P - a +3 battleaxe of freezing
 Z - the +5 flail of Oozing Pus {heavy, rPois Str+5 Int-2 Dex+2}
   (You found it on level 12 of the Dungeon)

   Str+5:     It affects your strength (+5).
   Int-2:     It affects your intelligence (-2).
   Dex+2:     It affects your dexterity (+2).
   rPois:     It protects you from poison
Missiles
 h - 5 boomerangs
 l - 76 stones (quivered)
 q - 10 atropa-tipped darts
 x - 37 poisoned darts
 T - 7 curare-tipped darts
 X - 18 large rocks
Armour
 y - a +2 pair of boots (worn)
 A - a +2 robe of willpower (worn)
 J - a +0 helmet (worn)
 M - a +2 cloak (worn)
 U - a +0 troll leather armour
 W - a scarf of harm
Magical Staves
 e - a staff of cold (weapon)
Jewellery
 c - a ring of magical power (right claw)
 p - an amulet of the acrobat (around neck)
 r - a ring of ice (left claw)
 O - a ring of magical power
 S - a ring of wizardry
 V - an amulet of regeneration
Wands
 a - a wand of paralysis (11)
 m - a wand of iceblast (25)
 v - a wand of flame (30)
 I - a wand of quicksilver (7)
Scrolls
 d - 3 scrolls of amnesia
 f - a scroll of identify
 g - 10 scrolls of teleportation
 j - 4 scrolls of poison
 w - 2 scrolls of fog
 z - a scroll of torment
 D - 3 scrolls of enchant weapon
 F - 2 scrolls of immolation
 H - a scroll of noise
 L - a scroll of vulnerability
 Q - a scroll of summoning
Potions
 b - 3 potions of magic
 k - 3 potions of attraction
 o - 4 potions of cancellation
 t - 3 potions of degeneration
 B - 2 potions of curing
 G - 2 potions of mutation
 K - a potion of enlightenment
 Y - a potion of invisibility {unknown}


   Skills:
 + Level 2.7 Fighting
 + Level 1.8 Staves
 + Level 0.1 Throwing
 + Level 0.8 Armour
 - Level 1.8 Dodging
 - Level 1.7 Stealth
 - Level 1.1 Shields
 + Level 14.0 Spellcasting
 + Level 3.9 Summonings
 + Level 14.2 Ice Magic
 + Level 0.4 Invocations


You had 28 spell levels left.
You knew the following spells:

 Your Spells              Type           Power      Damage    Failure   Level
a - Freeze                Ice            100%       1d10      0%          1
b - Frozen Ramparts       Ice            100%       1d16      1%          3
c - Ozocubu's Armour      Ice            100%       N/A       1%          3
d - Summon Ice Beast      Ice/Summ       85%        N/A       1%          4

Your spell library contained the following spells:

 Spells                   Type           Power      Damage    Failure   Level
 Call Imp                 Summ           58%        N/A       1%          2
 Magic Dart               Conj           56%        1d5       4%          1
 Shock                    Conj/Air       56%        1d6       4%          1
 Poisonous Vapours        Pois/Air       28%        N/A       7%          2
 Metabolic Englaciation   Hex/Ice        38%        N/A       7%          5
 Dazzling Flash           Conj/Hex       28%        N/A       14%         3
 Mephitic Cloud           Conj/Pois/Air  14%        N/A       14%         3
 Swiftness                Air            14%        N/A       14%         3
 Volatile Blastmotes      Fire/Tloc      28%        2d12      14%         3
 Freezing Cloud           Conj/Ice/Air   32%        6-21      19%         5
 Airstrike                Air            7%         2d(1-17)  41%         4
 Animate Dead             Necr           14%        N/A       41%         4
 Petrify                  Tmut/Erth      14%        N/A       41%         4
 Starburst                Conj/Fire      7%         6d4       100%        6
 Haunt                    Necr/Summ      10%        N/A       100%        7
 Infestation              Necr           7%         N/A       100%        8
 Maxwell's Capacitive Co  Air            7%         ∞         100%        8


Dungeon Overview and Level Annotations

Branches:
Dungeon (13/15)            Temple (1/1) D:5            Lair (0/5) D:10
    Orc (0/2) D:10          Sewer (visited)
 Vaults: D:13-14

Altars:
Ashenzari
Cheibriados
Dithmenos
Fedhas
Gozag
Hepliaklqana
Kikubaaqudgha
Makhleb
Nemelex Xobeh
Okawaru
Qazlal
Ru
Sif Muna
Trog
Uskayaw
Vehumet
Wu Jian
Xom
Yredelemnul

Shops:
D:3 ?   D:5 !   D:11 *


Innate Abilities, Weirdness & Mutations

You have claws for hands.
You are partially covered in thin metallic scales. (AC +2)
Your demonic aura sometimes causes spilled blood to erupt in flames.
You are mostly covered in sharp spines.


Message History

Confirm with . or Enter, or press ? or * to list all spells.
Aiming: Freeze (safe; 0% risk of failure)
Press: ? - help, Shift-Dir - straight line, f - you
Okay, then.
The wall freezes the cyclops.
Your ice beast hits the cyclops but does no damage.
The wall freezes the cyclops but does no damage.
Your ice beast hits the cyclops.
Your ice beast freezes the cyclops!!
Casting: Freeze (safe; 0% risk of failure)
Confirm with . or Enter, or press ? or * to list all spells.
Aiming: Freeze (safe; 0% risk of failure)
Press: ? - help, Shift-Dir - straight line, f - cyclops
Aim: a cyclops, quivering large rocks (sparse dust, almost dead, ally target)
You feel a strong surge of power!
You freeze the cyclops!
You kill the cyclops!
Qazlal accepts your kill.
Your Spellcasting skill increases to level 14!
The wall freezes the vault guard.
Your ice beast barely misses the ironbound thunderhulk.
The ironbound thunderhulk hits your ice beast with a +0 dire flail!!
Casting: Freeze (safe; 0% risk of failure)
Confirm with . or Enter, or press ? or * to list all spells.
Aiming: Freeze (safe; 0% risk of failure)
Press: ? - help, Shift-Dir - straight line, f - vault guard
Aim: a vault guard, wielding a +0 war axe, wearing a +0 plate armour and wearing a +0 tower shield (lightly wounded)
You feel a strong surge of power!
You freeze the vault guard.
The vault guard is lightly wounded.
The wall freezes the vault guard.
You block the vault guard's attack.
Your ice beast hits the ironbound thunderhulk but does no damage.
Casting: Freeze (safe; 0% risk of failure)
Confirm with . or Enter, or press ? or * to list all spells.
Aiming: Freeze (safe; 0% risk of failure)
Press: ? - help, Shift-Dir - straight line, f/p - vault guard
Aim: a vault guard, wielding a +0 war axe, wearing a +0 plate armour and wearing a +0 tower shield (lightly wounded)
You feel a strong surge of power!
You freeze the vault guard.
The vault guard is lightly wounded.
Electricity crackles from the ironbound thunderhulk's apparatus.
The bolt of lightning hits you!!!
Ouch! That really hurt!
You die...

#.####### #)# #.# #.# #.#
# #.#### ##. #....#
###...###########....###.
.......÷@..............'.
##....##p########....###.
#.... #p§. ##.#.# ....
#..Y.# ....# #.. ##''O#
###.# ## ....# .# ....# #
...##


You could see an ironbound thunderhulk (ally target), 2 vault guards and a
friendly ice beast (summoned).

Vanquished Creatures
  A hydra (D:13)
  3 boulder beetles
  7 two-headed ogres
  Pikel (D:5)
  A deep elf pyromancer (D:12)
  An ugly thing (D:12)
  5 cyclopes
  2 komodo dragons
  2 ice devils (D:11)
  4 trolls
  A hornet (D:9)
  A hornet (shapeshifter) (D:13)
  Grinder (D:5)
  9 slime creatures
  3 vampires
  2 spriggans
  A shadow (D:11)
  A wraith (D:11)
  19 yaks
  A golden eye (shapeshifter) (D:9)
  Grum (D:8)
  A basilisk (D:12)
  A steam dragon (D:9)
  2 humans (D:13)
  3 vampire mosquitoes (D:12)
  Edmund (D:6)
  A water moccasin (D:7)
  2 sky beasts
  An ogre (D:7)
  7 orc warriors
  A black bear (D:5)
  2 wolves (D:8)
  4 lemures (D:5)
  10 centaurs
  5 kobold brigands
  A bullfrog (D:6)
  A gnoll sergeant (D:9)
  A scorpion (D:6)
  11 wights
  A killer bee (D:9)
  A quasit (D:5)
  2 hounds
  2 gnoll boudas
  6 orc priests
  A jelly (D:8)
  3 sleepcaps
  An iguana (D:5)
  12 orc wizards
  A hell rat (Sewer)
  18 gnolls
  4 adders
  7 river rats
  2 shadow imps
  A white imp (D:5)
  2 worms
  2 dart slugs
  24 orcs
  10 ball pythons
  3 bats
  5 endoplasms
  2 giant cockroaches
  8 goblins
  8 hobgoblins
  4 jackals (D:3)
  20 kobolds
  7 quokkas
  5 frilled lizards
  A goblin skeleton (D:5)
  2 hobgoblin zombies (D:5)
  A kobold skeleton (D:5)
  3 kobold zombies (D:5)
  An orc skeleton (D:5)
  9 rats
301 creatures vanquished.

Vanquished Creatures (collateral kills)
  A two-headed ogre (D:10)
  A cyclops (D:13)
  A kobold demonologist (D:11)
  A troll (D:9)
  A shadow (D:10)
  3 slime creatures (D:12)
  A human (D:13)
  4 yaks
  A vampire mosquito (D:12)
  2 centaurs
  A kobold brigand (D:10)
  3 wights (D:9)
20 creatures vanquished.

Vanquished Creatures (others)
  A gnoll sergeant (D:9)
1 creature vanquished.

Grand Total: 322 creatures vanquished

Notes
Turn   | Place    | Note
-------+----------+-------------------------------------------
     0 | D:1      | MachoJfn the Demonspawn Ice Elementalist began the quest
                  | for the Orb.
     0 | D:1      | Reached XP level 1. HP: 13/13 MP: 3/3
   309 | D:1      | Gained mutation: You have sharp fingernails. [demonic
                  | ancestry]
   309 | D:1      | Reached XP level 2. HP: 19/19 MP: 3/5
  1017 | D:2      | Gained mutation: You are partially covered in sharp spines.
                  | [demonic ancestry]
  1017 | D:2      | Reached XP level 3. HP: 24/24 MP: 3/6
  1135 | D:2      | Learned a level 3 spell: Frozen Ramparts
  1857 | D:3      | Found Haqusch's Magic Scroll Shop.
  1893 | D:3      | Learned a level 3 spell: Ozocubu's Armour
  2017 | D:3      | Reached XP level 4. HP: 24/30 MP: 8/8
  2648 | D:4      | Reached skill level 5 in Ice Magic
  2782 | D:4      | Reached XP level 5. HP: 16/35 MP: 10/10
  2872 | D:4      | Found a sacrificial altar of Ru.
  3118 | D:4      | Noticed a sky beast
  3125 | D:4      | Killed a sky beast
  3232 | D:4      | Gained mutation: You are mostly covered in sharp spines.
                  | [demonic ancestry]
  3232 | D:4      | Reached XP level 6. HP: 41/41 MP: 12/12
  3607 | D:5      | Entered Level 5 of the Dungeon
  3779 | D:5      | Found Tisar's Distillery.
  4002 | D:5      | Found a staircase to the Ecumenical Temple.
  4017 | Temple   | Entered the Ecumenical Temple
  4105 | Temple   | Became a worshipper of Qazlal Stormbringer
  4127 | D:5      | Found an iron altar of Okawaru.
  4128 | D:5      | Noticed Grinder
  4145 | D:5      | Paralysed by Grinder for 2 turns
  4147 | D:5      | Killed Grinder
  4148 | D:5      | Reached skill level 5 in Spellcasting
  4148 | D:5      | Gained mutation: Your demonic aura sometimes causes spilled
                  | blood to erupt in flames. [demonic ancestry]
  4148 | D:5      | Reached XP level 7. HP: 24/47 MP: 14/14
  4530 | D:5      | Noticed Pikel
  4545 | D:5      | Paralysed by Pikel for 3 turns
  4555 | D:5      | Killed Pikel
  4556 | D:5      | Reached skill level 1 in Staves
  4556 | D:5      | Reached XP level 8. HP: 43/53 MP: 10/17
  4939 | D:6      | Found the +5 Force Lance {heavy, knockback}
  5003 | D:6      | Found a blossoming altar of Fedhas.
  5090 | D:6      | Found a glowing drain.
  5111 | Sewer    | Entered a sewer
  5291 | D:6      | Reached * piety under Qazlal
  5327 | D:6      | Found a snail-covered altar of Cheibriados.
  5436 | D:6      | Found a broken altar of Ashenzari.
  5567 | D:6      | Found a shadowy altar of Dithmenos.
  5825 | D:6      | Noticed Edmund
  5834 | D:6      | Killed Edmund
  6148 | D:7      | Reached XP level 9. HP: 58/58 MP: 20/20
  7051 | D:7      | Noticed a two-headed ogre
  7051 | D:7      | Noticed a two-headed ogre
  7061 | D:7      | Learned a level 4 spell: Summon Ice Beast
  7062 | D:7      | Killed a two-headed ogre
  7063 | D:7      | Reached skill level 1 in Fighting
  7064 | D:7      | Killed a two-headed ogre
  7065 | D:7      | Reached skill level 10 in Ice Magic
  7065 | D:7      | Gained mutation: You have very sharp fingernails. [demonic
                  | ancestry]
  7065 | D:7      | Reached XP level 10. HP: 38/66 MP: 23/23
  7067 | D:7      | Reached ** piety under Qazlal
  7159 | D:7      | Found the +8 pair of quick blades "Gyre" and "Gimble"
                  | {protect}
  7511 | D:8      | Noticed Grum
  7527 | D:8      | Killed Grum
  8122 | D:8      | Found an opulent altar of Gozag.
  8443 | D:9      | Reached skill level 10 in Spellcasting
  8581 | D:9      | Noticed a two-headed ogre
  8593 | D:9      | Killed a two-headed ogre
  8678 | D:9      | Reached *** piety under Qazlal
  9148 | D:9      | Reached skill level 1 in Summonings
  9368 | D:9      | Gained mutation: You are partially covered in thin metallic
                  | scales. (AC +2) [demonic ancestry]
  9368 | D:9      | Reached XP level 11. HP: 72/72 MP: 25/25
  9997 | D:10     | Entered Level 10 of the Dungeon
 10000 | D:10     | Noticed a two-headed ogre
 10012 | D:10     | Killed a two-headed ogre
 10298 | D:10     | Found a staircase to the Lair.
 10324 | D:10     | Found a staircase to the Orcish Mines.
 10525 | D:10     | Found a hazy altar of Hepliaklqana.
 10600 | D:10     | Reached **** piety under Qazlal
 11296 | D:11     | Noticed a two-headed ogre
 11309 | D:10     | Killed a two-headed ogre
 11612 | D:11     | Noticed a boulder beetle
 11625 | D:11     | Killed a boulder beetle
 11626 | D:11     | Reached skill level 1 in Shields
 11944 | D:11     | Noticed a two-headed ogre
 11950 | D:11     | Killed a two-headed ogre
 12173 | D:11     | Noticed a two-headed ogre
 12180 | D:11     | Killed a two-headed ogre
 12334 | D:11     | Gained mutation: You have claws for hands. [demonic
                  | ancestry]
 12334 | D:11     | Reached XP level 12. HP: 78/78 MP: 24/28
 12522 | D:11     | Noticed a boulder beetle
 12545 | D:11     | Killed a boulder beetle
 12708 | D:11     | Found Pecacsuf's Assorted Antiques.
 13707 | D:12     | Noticed a two-headed ogre
 13715 | D:12     | Killed a two-headed ogre
 13718 | D:12     | Noticed a boulder beetle
 14260 | D:12     | Killed a boulder beetle
 15092 | D:12     | Identified the +5 flail of Oozing Pus {heavy, rPois Str+5
                  | Int-2 Dex+2}
 15613 | D:13     | Noticed an eight-headed hydra
 15619 | D:13     | Killed an eight-headed hydra
 15872 | D:13     | Noticed an ironbound thunderhulk
 15874 | D:13     | Noticed a vault guard
 15878 | D:13     | Noticed a vault guard
 15884 | D:13     | Killed from afar by an ironbound thunderhulk

Illustrated notes

Levels and vault maps discovered:
D:1:      dpeg_arrival_simpleton_c, layout_basic, minmay_misc_feat_alley,
          grunt_decor_mini_mirrors
D:2:      layout_loops_ring, grunt_ministairs_8
D:3:      layout_rooms, serial_shops, nicolae_square_shop,
          kennysheep_generic_room_8
D:4:      layout_basic, nicolae_ru_awakened_eye, skrybe_limestone_x
D:5:      layout_gridville, okawaru_gym_becter, nicolae_tso_besieged_by_evil,
          minmay_temple_entry_grid, serial_shops, shop, uniq_grinder, uniq_pikel
D:6:      layout_loops_ring, nicolae_overflow_crystal_walls,
          cheibriados_altar_1, marbit_many_paths, fedhas_altar_2,
          portal_sewer_entry_b, uniq_edmund
D:7:      layout_loops_ring, serial_glass, glass_columns_a, glass_columns_b,
          item_on_display_a, minmay_strange_pillars, feat_on_display,
          due_unseen_surprise, kennysheep_path_1,
          hangedman_decor_diamond_cutter, minmay_holes, minivault_24,
          hellmonk_guarded_unrand_gyre_and_gimble
D:8:      layout_basic, lemuel_tele_altar, uniq_grum
D:9:      kennysheep_windowed_halls, layout_loops_ring
D:10:     layout_irregular_city, nzn_hepliaklqana_mist_gate, dpeg_oklobed_lair,
          orc_0_dummy, minivault_4, the_hattery
D:11:     layout_layer_cave, serial_shops, kennysheep_mini_moat
D:12:     layout_long_grid, portal_ice_cave_demonic_guard
D:13:     layout_loops_corners, hellmonk_vaults_keyhole, bh_walls_and_bars
Temple:   hellmonk_temple_forest_ring

Skill      XL: |  1  2  3  4  5  6  7  8  9 10 11 12 |
---------------+-------------------------------------+-----
Ice Magic      | 4 5 6 7 8 10 11 12 14 | 14.2
Spellcasting   | 3 4 5 6 7 9 10 12 14 | 14.0
Staves         | 1 |  1.8
Fighting       | 1 2 |  2.7
Summonings     | 1 2 3 |  3.9
Shields        | 1 |  1.1
Throwing       | |  0.1
Armour         | |  0.8
Dodging        | |  1.8
Stealth        | |  1.7
Invocations    | |  0.4

Action                     |  1- 3 |  4- 6 |  7- 9 | 10-12 || total
---------------------------+-------+-------+-------+-------++-------
  Melee: Staff             |    14 |    21 |    31 |    80 ||   146
         Punch             |       |     2 |       |       ||     2
  Throw: Stone             |       |     1 |     3 |       ||     4
   Cast: Freeze            |    46 |    29 |    50 |   181 ||   306
         Frozen Ramparts   |     4 |    14 |    33 |    78 ||   129
         Ozocubu's Armour  |       |     3 |     5 |    32 ||    40
         Summon Ice Beast  |       |       |       |    49 ||    49
 Invoke: Upheaval          |       |       |       |     2 ||     2
  Evoke: Wand              |       |       |     2 |       ||     2
    Use: Scroll            |       |    13 |     6 |     5 ||    24
         Potion            |       |     1 |     6 |     4 ||    11
   Stab: Distracted        |       |       |       |     1 ||     1
 Armour: Robe              |    21 |    24 |    41 |   199 ||   285
         Leather armour    |       |       |     3 |       ||     3
         Skin              |       |       |    26 |       ||    26
  Dodge: Dodged            |    19 |    24 |    52 |   167 ||   262
  Block: Other             |       |       |     3 |    46 ||    49

Table legend: (Time is in decaauts)
 A = Elapsed time spent in this place.
 B = Non-inter-level travel time spent in this place.
 C = Inter-level travel time spent in this place.
 D = Time resting spent in this place.
 E = Time spent auto-exploring this place.
 F = Levels seen in this place.
 G = Mean time per level.
                   A        B        C        D        E       F      G
               +--------+--------+--------+--------+--------+-----+--------+
         Total |  15939 |  14560 |   1379 |   4064 |   7899 |  15 | 1062.6 |
       Dungeon |  15698 |  14414 |   1284 |   4026 |   7893 |  13 | 1207.5 |
        Temple |    101 |      6 |     95 |      0 |      0 |   1 |  101.0 |
         Sewer |    139 |    139 |      0 |     38 |      5 |   1 |  139.0 |
               +--------+--------+--------+--------+--------+-----+--------+

Top non-repeatable levels by time:
    D:11: 2292 daAuts
     D:9: 1656 daAuts
     D:7: 1515 daAuts
    D:12: 1498 daAuts
    D:10: 1436 daAuts
     D:5: 1161 daAuts
     D:4: 1104 daAuts
     D:6: 937 daAuts
     D:2: 918 daAuts
     D:3: 859 daAuts
     D:8: 859 daAuts
     D:1: 767 daAuts
    D:13: 689 daAuts
   Sewer: 139 daAuts
  Temple: 101 daAuts
